AoeStats
← 17_Neo_

Arena

505367272Analyzed
4v4 RM · 23d ago on Sep 9, 2026· 34m 34s· 8 players
Game mode
Random Map
Map size
Large (8 player)
Population
200
Speed
Normal
Resources
Standard
Victory
Conquest
Starting age
Dark Age
Ending age
Imperial Age
RankedLock teamsTeams togetherTeam positionsShared explorationLock speedFull tech treeHidden civsTurbo modeCheats
Victory
Defeat
🇨🇴 Goths · Colombia
1390
+11
🇨🇴 Teutons · Colombia
1298
+14
🇨🇴 Bohemians · Colombia
1269
+16
🇨🇴 Celts · Colombia
1240
+17
🇲🇽 Byzantines · Mexico
1280
-15
🇵🇪 Italians · Peru
1272
-15
🇺🇸 Persians · United States
1255
-14
🇵🇪 Cumans · Peru
1254
-14
Oveja de Batalla
4:18 Loom
12:04 Feudal Age
13:58 Double-Bit Axe
16:16 Castle Age
14:02 Horse Collar
21:54 Pikeman
21:58 Man-at-Arms
ruanameyer
10:25 Feudal Age
14:15 Castle Age
12:05 Double-Bit Axe
12:06 Horse Collar
15:34 Bow Saw
19:54 Heavy Plow
22:05 Wheelbarrow
22:20 Gold Mining
23:37 Stone Mining
25:04 Fletching
25:50 Bodkin Arrow
Kierkegaard
10:15 Feudal Age
12:05 Wheelbarrow
13:41 Fletching
17:31 Padded Archer Armor
19:15 Loom
22:18 Castle Age
20:49 Double-Bit Axe
20:47 Horse Collar
21:01 Gold Mining
31:31 Imperial Age
aariva83
7:31 Loom
10:08 Feudal Age
10:37 Double-Bit Axe
12:32 Wheelbarrow
14:21 Horse Collar
24:50 Castle Age
22:40 Town Watch
22:51 Gold Mining
23:52 Forging
24:27 Bloodlines
24:26 Scale Barding Armor
24:57 Light Cavalry
25:53 Heavy Plow
27:27 Iron Casting
29:11 Chain Barding Armor
33:57 Hand Cart
Logan
11:15 Feudal Age
13:08 Wheelbarrow
12:50 Double-Bit Axe
16:34 Castle Age
RAGNAROK
11:54 Feudal Age
13:51 Loom
19:31 Castle Age
22:51 Double-Bit Axe
24:21 Horse Collar
25:53 Heavy Plow
30:58 Wheelbarrow
30:15 Town Watch
31:37 Bow Saw
32:51 Scale Mail Armor
33:01 Forging
32:47 Stone Mining
32:48 Gold Mining
33:50 Chain Mail Armor
37:21 Imperial Age
35:08 Hand Cart
34:56 Town Patrol
35:39 Stone Shaft Mining
17_Neo_
10:46 Feudal Age
12:14 Wheelbarrow
11:40 Horse Collar
14:35 Castle Age
14:35 Scale Mail Armor
17:22 Forging
24:42 Chain Mail Armor
26:27 Iron Casting
26:21 Double-Bit Axe
29:35 Bow Saw
30:11 Squires
34:29 Anarchy
Mhao
10:41 Feudal Age
15:53 Castle Age
14:05 Double-Bit Axe
14:13 Stone Mining
14:11 Loom
14:34 Gold Mining
15:14 Horse Collar
17:09 Bow Saw
24:34 Scale Mail Armor
27:50 Heavy Plow
29:49 Wheelbarrow
29:51 Gold Shaft Mining
29:51 Stone Shaft Mining
29:40 Forging
31:31 Pikeman
31:57 Gambesons
33:34 Stronghold
33:57 Town Watch
34:52 Chain Mail Armor
Connection lost

Rejoining the realm…

Still unreachable

The connection could not be restored.

Session expired

The server has moved on; the page needs a fresh start.